 Dungeon Crawl Stone Soup version 0.28-a0-872-g80cf8599ee (webtiles) character file.

Game seed: 8510704482846506702

58 tatocazan the Firebug (level 3, -2/24 HPs)
             Began as a Demonspawn Fire Elementalist on Nov 20, 2021.
             Slain by a hound (4 damage)
             ... on level 3 of the Dungeon.
             The game lasted 00:05:05 (3197 turns).

tatocazan the Firebug (DsFE)                        Turns: 3197, Time: 00:05:06

Health: -2/24      AC:  5    Str:  7 (8)  XL:     3   Next: 76%
Magic:  0/6        EV: 12    Int: 14 (17) God:
Gold:   136        SH:  0    Dex: 11 (13) Spells: 3/6 levels left

rFire   . . .      SeeInvis .   f - +0 short sword
rCold   . . .      Faith    .   (no shield)
rNeg    . . .      Spirit   .   a - +0 robe
rPois   .          Reflect  .   (no helmet)
rElec   .          Harm     .   (no cloak)
rCorr   .          Rampage  .   n - +1 pair of gloves
Will    .....                   (no boots)
Stlth   ++........              (no amulet)
HPRegen 0.08/turn               (no ring)
MPRegen 0.10/turn               (no ring)

@: very slightly contaminated
A: powered by death 1, sharp scales 1, claws 1, noise suppression
a: no special abilities


You were on level 3 of the Dungeon.
You visited 1 branch of the dungeon, and saw 4 of its levels.

You collected 136 gold pieces.

Inventory:

Hand Weapons
 f - a +0 short sword (weapon)
Missiles
 t - 8 poisoned darts
Armour
 a - a +0 robe (worn)
 n - a +1 pair of gloves (worn)
Magical Staves
 r - a staff of death
Jewellery
 b - a ring of flight
 c - a ring of protection from cold
Scrolls
 e - 2 scrolls of silence {unknown}
 g - 2 scrolls of identify {unknown}
 h - a scroll of teleportation {unknown}
 i - a scroll of torment {unknown}
 j - a scroll of fear {unknown}
 l - a scroll of brand weapon {unknown}
 p - 2 scrolls of acquirement {unknown}
 q - a scroll of immolation {unknown}
 s - 2 scrolls of enchant weapon {unknown}
Potions
 m - a potion of curing {unknown}
 o - a potion of attraction {unknown}


   Skills:
 + Level 2.2 Dodging
 + Level 2.3 Stealth
 + Level 2.4 Spellcasting
 * Level 2.0 Conjurations
 + Level 3.0 Fire Magic


You had 3 spell levels left.
You knew the following spells:

 Your Spells              Type           Power      Damage    Failure   Level
a - Foxfire               Conj/Fire      32%        2x1d5     9%          1
b - Scorch                Fire           20%        2d6       10%         2

Your spell library contained the following spells:

 Spells                   Type           Power      Damage    Failure   Level
 Slow                     Hex            4%         N/A       22%         1
 Conjure Flame            Conj/Fire      8%         6-21      24%         3
 Inner Flame              Hex/Fire       6%         N/A       36%         3
 Confusing Touch          Hex            1%         N/A       56%         3
 Portal Projectile        Hex/Tloc       2%         N/A       56%         3
 Vampiric Draining        Necr           1%         2d6       56%         3
 Flame Wave               Conj/Fire      8%         3d4       63%         4
 Blade Hands              Tmut           0%         N/A       99%         5
 Excruciating Wounds      Necr           0%         N/A       99%         5


Dungeon Overview and Level Annotations

Branches:
Dungeon (4/15)
 Temple: D:4-7

Altars:
Ashenzari
Makhleb

Shops:
D:1 ([

Annotations:
D:4 1 transporter, SirDiesAlot's ghost, weakling MiDe


Innate Abilities, Weirdness & Mutations

You regenerate a little health from kills.
You are partially covered in razor-sharp scales. (AC +1, Slay +1)
You have sharp fingernails.
You passively dampen the noise of your surroundings.


Message History

The hound bites you but does no damage. The quokka barely misses you.
It was a potion of mutation.
You feel extremely strange.
You feel your surroundings grow quieter.
Your fingernails lengthen.
The hound bites you.
* * * LOW HITPOINT WARNING * * *
The quokka bites you but does no damage.
The hound barely misses you.
You take 1 damage, and have 7/24 hp.
Casting: Foxfire (safe; 7% risk of failure)
Confirm with . or Enter, or press ? or * to list all spells.
Flames lash the quokka.
You kill the quokka!
The hound closely misses you.
Your Conjurations skill increases to level 2!
You now have 0/6 mp.
The hound bites you but does no damage. The hound completely misses you.
You see here a quokka corpse.
The hound closely misses you. The hound bites you but does no damage.
The hound bites you.
* * * LOW HITPOINT WARNING * * *
You take 2 damage, and have 6/24 hp.
The hound barely misses you. The hound barely misses you. The hound misses you.
The hound bites you.
* * * LOW HITPOINT WARNING * * *
You take 5 damage, and have 1/24 hp.
MASSIVE DAMAGE!!
It was a potion of degeneration.
There was something very wrong with that liquid.
You feel weakened.
You feel dopey.
You feel clumsy. The hound bites you but does no damage.
The hound closely misses you.
Okay, then.
Casting: Scorch (safe; 10% risk of failure)
Confirm with . or Enter, or press ? or * to list all spells.
You miscast Scorch.
You are very lightly contaminated with residual magic.
Nothing appears to happen.
The hound bites you.
You die...

### #.# ###.#### #......#
#.####.##### #####...##.....#####
####....##.######.....#
#########..........######..##.###
................@h...............
##........#.......#######..#....#
##.##.............# ####........
...#....###.......####......###.#
.....#....#..........#.##.#.....#
............<...........<..))....
.....................#.######..##
....######...........#.#.......(.
....# ##...........#....######.


You could see a hound.

Vanquished Creatures
  A hound skeleton (D:4)
  An adder skeleton (D:4)
  A dart slug (D:1)
  An orc (D:3)
  3 ball pythons
  4 endoplasms
  A giant cockroach (D:2)
  2 goblins
  3 hobgoblins
  5 kobolds
  A quokka (D:3)
  3 bats
  5 frilled lizards
  7 rats
38 creatures vanquished.

Vanquished Creatures (collateral kills)
  2 foxfires (D:1)
2 creatures vanquished.

Vanquished Creatures (others)
  A bat (D:3)
  31 foxfires
32 creatures vanquished.

Grand Total: 72 creatures vanquished

Notes
Turn   | Place    | Note
-------+----------+-------------------------------------------
     0 | D:1      | tatocazan the Demonspawn Fire Elementalist began the quest
                  | for the Orb.
     0 | D:1      | Reached XP level 1. HP: 13/13 MP: 3/3
    17 | D:1      | Found Duvare Xoroh's Antique Weapon Boutique.
   370 | D:1      | Found Plog's Antique Armour Emporium.
   374 | D:1      | Gained mutation: You regenerate a little health from kills.
                  | [demonic ancestry]
   374 | D:1      | Reached XP level 2. HP: 19/19 MP: 3/5
  1340 | D:1      | Found a faded altar of an unknown god.
  1401 | D:2      | Found a burning altar of Makhleb.
  2185 | D:3      | Found a broken altar of Ashenzari.
  2190 | D:3      | Saw a vision of the Shoals and the Snake Pit.
  2190 | D:3      | Noticed a merfolk
  2190 | D:3      | Noticed a guardian serpent
  2190 | D:3      | Noticed a naga sharpshooter
  2190 | D:3      | Noticed a black mamba
  2190 | D:3      | Noticed a centaur
  2190 | D:3      | Noticed a black mamba
  2190 | D:3      | Noticed a naga sharpshooter
  2190 | D:3      | Noticed a merfolk
  2191 | D:3      | Noticed a naga
  2193 | D:3      | Noticed a naga ritualist
  2193 | D:3      | Noticed a merfolk
  2481 | D:3      | Gained mutation: You are partially covered in razor-sharp
                  | scales. (AC +1, Slay +1) [demonic ancestry]
  2481 | D:3      | Reached XP level 3. HP: 23/24 MP: 6/6
  2565 | D:3      | Reached skill level 3 in Fire Magic
  2770 | D:4      | Found a transporter.
  2773 | D:4      | Noticed SirDiesAlot's ghost (weakling MiDe)
  2948 | D:4      | Learned a level 2 spell: Scorch
  2998 | D:4      | Noticed a phantom
  3107 | D:4      | Noticed an ogre
  3109 | D:4      | Noticed an ogre
  3176 | D:3      | Gained mutation: You passively dampen the noise of your
                  | surroundings. [potion of mutation]
  3176 | D:3      | Gained mutation: You have sharp fingernails. [potion of
                  | mutation]
  3193 | D:3      | HP: 1/24 [hound (5)]
  3197 | D:3      | Slain by a hound

Illustrated notes

Levels and vault maps discovered:
D:1:      scummos_arrival_hexagon, layout_basic, serial_shops, shop,
          shop_fountains, shapermc_ecumenical_altar_mp_urbaneastern,
          minmay_misc_feat_square
D:2:      layout_basic, basic_altar
D:3:      layout_basic, grunt_ashenzari_visionary
          [grunt_ashenzari_visionary_shoals, grunt_ashenzari_visionary_snake],
          minmay_misc_feat_x
D:4:      minmay_diamond_boxcup, layout_rooms, gammafunk_ghost_arena, uniq_robin

Skill      XL: |  1  2  3 |
---------------+----------+-----
Stealth        | 2 |  2.3
Dodging        | 2 |  2.2
Fire Magic     | 3 |  3.0
Conjurations   | 2 |  2.0
Spellcasting   | |  2.4

Action                   || total
-------------------------++-------
Melee: Short sword       ||   101
 Cast: Foxfire           ||    27
       Scorch            ||     5
  Use: Potion            ||     2
 Stab: Sleeping          ||     5
Armor: Robe              ||    59
Dodge: Dodged            ||   120

Table legend: (Time is in decaauts)
 A = Elapsed time spent in this place.
 B = Non-inter-level travel time spent in this place.
 C = Inter-level travel time spent in this place.
 D = Time resting spent in this place.
 E = Time spent auto-exploring this place.
 F = Levels seen in this place.
 G = Mean time per level.
                   A        B        C        D        E       F      G
               +--------+--------+--------+--------+--------+-----+--------+
         Total |   3206 |   3138 |     68 |    967 |   1647 |   4 |  801.5 |
       Dungeon |   3206 |   3138 |     68 |    967 |   1647 |   4 |  801.5 |
               +--------+--------+--------+--------+--------+-----+--------+

Top non-repeatable levels by time:
     D:1: 1357 daAuts
     D:2: 744 daAuts
     D:3: 691 daAuts
     D:4: 413 daAuts
